 Dungeon Sprint DCSS version 0.19-a0-406-ge21436e (webtiles) character file.

61206 Groucho the Impregnable (level 15, -13/151 HPs)
             Began as a Naga Fighter on May 30, 2016.
             Was the Champion of Cheibriados.
             Mangled by Zofekis the pandemonium lord (22 damage)
             ... in the Dungeon (Sprint V: "Ziggurat Sprint") on May 31, 2016.
             The game lasted 00:11:43 (3350 turns).

Groucho the Impregnable (Naga Fighter)              Turns: 3350, Time: 00:11:44

Health: -13/151    AC: 45    Str: 44    XL:     15   Next: 2%
Magic:  21/29      EV:  1    Int: 24    God:    Cheibriados [******]
Gold:   0          SH: 36    Dex: 31    Spells: 0 memorised, 35 levels left

rFire  + + .     SeeInvis +     x - +14 obsidian axe {chop, +Fly Str+3 SInv *Curse} (curse)
rCold  + + +     Gourm    .     a - +5 gold dragon armour
rNeg   + . .     Faith    .     z - +18 shield of the Gong {rElec rN+ MR+ EV-5}
rPois  +         Spirit   .     J - +2 helmet {SInv}
rElec  +         Dismiss  .     H - +0 cloak {+Inv}
rCorr  +         Reflect  .     N - +2 pair of gloves {Dex+3}
SustAt .         Harm     .     (no barding)
MR     +++..     NoTele   +     L - amulet of regeneration
Stlth  ..........               Q - ring of Robustness {AC+8}
                                O - ring "Lauh" {rC+ MR+ Str+4}

@: resistant, mesmerised, silenced, very slow, extremely resistant to hostile
enchantments, extremely unstealthy
A: see invisible, deformed body, poison resistance, slowness 2, slow metabolism
1, spit poison 2, constrict 1, AC +5
a: Spit Poison, Renounce Religion, Evoke Invisibility, Evoke Flight


You were in the Dungeon.
You worshipped Cheibriados.
Cheibriados was exalted by your worship.
You were very hungry.

You visited 1 branch

Inventory:

Hand Weapons
 x - the cursed +14 obsidian axe (weapon) {chop, +Fly Str+3 SInv *Curse}
   (You found it in the Dungeon)

   It inflicts extra damage upon your enemies.
   It affects your strength (+3).
   It lets you see invisible.
   It lets you fly.
   It may re-curse itself when equipped.
   It has a curse placed upon it.
Armour
 a - a +5 gold dragon armour (worn)
 y - the +15 Maxwell's patent armour {-Cast -Tele rElec MR+ rCorr}
   (You found it in the Dungeon)

   It insulates you from electricity.
   It affects your resistance to hostile enchantments.
   It prevents spellcasting.
   It prevents most forms of teleportation.
   It protects you from acid and corrosion.
 z - the +18 shield of the Gong (worn) {rElec rN+ MR+ EV-5}
   (You found it in the Dungeon)

   It affects your evasion (-5).
   It insulates you from electricity.
   It protects you from negative energy.
   It affects your resistance to hostile enchantments.
 H - a +0 cloak of invisibility (worn)
 J - a +2 helmet of see invisible (worn)
 N - a +2 pair of gloves of dexterity (worn)
Jewellery
 A - the amulet "Genumabo" {Gourm rF+ Str+2}
   (You found it in the Dungeon)

   [amulet of the gourmand]

   It allows you to eat raw meat even when not hungry.
   It affects your strength (+2).
   It protects you from fire.
 B - a +6 ring of strength
 C - a +6 ring of strength
 I - a +6 ring of protection
 L - an amulet of regeneration (around neck)
 O - the ring "Lauh" (left hand) {rC+ MR+ Str+4}
   (You found it in the Dungeon)

   [ring of protection from magic]

   It affects your strength (+4).
   It protects you from cold.
   It affects your resistance to hostile enchantments.
 P - the ring "Zumpel" {rF+ Int+4 Dex+3}
   (You found it in the Dungeon)

   [ring of protection from fire]

   It affects your intelligence (+4).
   It affects your dexterity (+3).
   It protects you from fire.
 Q - the ring of Robustness (right hand) {AC+8}
   (You took it off a merfolk javelineer in the Dungeon)

   [ring of protection]

   It affects your AC (+8).
 R - an uncursed ring of protection from cold
Wands
 D - a wand of disintegration (7/24)
 E - a wand of iceblast (5/15)
 F - a wand of lightning (5/15)
 G - a wand of acid (5/15)
Scrolls
 b - 4 scrolls of amnesia
 c - 4 scrolls of recharging
 k - 4 scrolls of blinking
 l - 7 scrolls of fog
 m - a scroll of holy word
 n - 5 scrolls of identify
 o - 5 scrolls of remove curse
 p - 2 scrolls of fear
 M - 2 scrolls of brand weapon
Potions
 d - 7 potions of might
 e - 10 potions of curing
 g - 6 potions of heal wounds
 h - 6 potions of haste
 i - 6 potions of magic
 j - 3 potions of berserk rage
 q - 2 potions of brilliance
 r - 2 potions of invisibility
 s - 3 potions of resistance
 t - a potion of experience
 u - 5 potions of agility
Comestibles
 f - 5 bread rations
 v - 35 fruits
 w - 4 meat rations
 K - 3 royal jellies


   Skills:
 - Level 14.1 Fighting
 * Level 16.6 Axes
 - Level 21.3 Armour
 - Level 15.6 Shields
 - Level 10.7 Spellcasting
 - Level 11.3 Invocations


You had 35 spell levels left.
You didn't know any spells.

Dungeon Overview and Level Annotations

Branches:
Dungeon (1/1)

Altars:
Ashenzari
Cheibriados
Dithmenos
Elyvilon
Fedhas
Gozag
Hepliaklqana
Kikubaaqudgha
Makhleb
Nemelex Xobeh
Okawaru
Pakellas
Qazlal
Ru
Sif Muna
Trog
Uskayaw
Vehumet
Xom
Yredelemnul
Zin
The Shining One
Beogh
Jiyva
Lugonu


Innate Abilities, Weirdness & Mutations

You cannot wear boots.
Your serpentine skin is tough (AC +5).
You have supernaturally acute eyesight. (SInv)
Armour fits poorly on your strangely shaped body.
Your system is resistant to poisons. (rPois)
You cover ground very slowly.
You have a slow metabolism.
You can spit poison.
You can use your snake-like lower body to constrict enemies.


Message History

Visions of slaying the Hell Sentinel flood into your mind.
Todinuefi hits you but does no damage.
Ajaura Julan gestures.
You resist with almost no effort. Zofekis hits you!
* * * LOW HITPOINT WARNING * * *
You block Coyzeodd's attack. You block Todinuefi's attack.
Japh hits you but does no damage. Ahiynose hits you!
* * * LOW HITPOINT WARNING * * *
You block the Hell Sentinel's attack.
The Hell Sentinel hits you but does no damage.
You feel much better.
Visions of slaying Zofekis flood into your mind.
Ajaura Julan gestures.
You resist with almost no effort. Coyzeodd gestures at you.
The iron shot hits you!
* * * LOW HITPOINT WARNING * * *
You block Todinuefi's attack. Ahiynose hits you but does no damage.
Zofekis hits you!!
You die...

▓.........
▓..|)[|)::))..▓.÷.......
▓.............▓.....÷...
▓.............▓..▓.....▓
▓.....).......▓.....÷...
▓.....XX......▓.........
▓....X.&......▓▓▓▓▓▓▓▓▓▓
▓.1&&&..▓ ▓...8©8... ▓
▓▓2&@&.▓▓ ▓..}[):.[.
▓..▓..11&..▓..▓...:|.}..
▓.............▓[........
▓.............▓.........
▓▓▓▓▓▓▓▓▓▓▓▓▓▓▓...[.....
▓......... ▓..▓[..▓..
▓.▓.\...▓. ▓.........


You could see Ahiynose, Ajaura Julan, Coyzeodd, Deuxec, Japh, Todinuefi,
Zofekis, 2 Hell Sentinels, a Brimstone Fiend, a green death and 3 large
abominations.

Vanquished Creatures
  A pandemonium lord (D)
  3 storm dragons (D)
  A thorn hunter (D)
  An emperor scorpion (D)
  A blood saint (D)
  A green draconian (D)
  2 spriggan defenders (D)
  A mottled draconian (D)
  A red draconian (D)
  A dire elephant (D)
  2 spark wasps (D)
  4 death oozes (D)
  3 merfolk javelineers (D)
  3 merfolk impalers (D)
  4 great orbs of eyes (D)
  2 entropy weavers (D)
  6 spriggan air magi (D)
  A satyr (D)
  2 spriggan berserkers (D)
  A sea snake (D)
  A spriggan (D)
  A spriggan druid (D)
  A torturous demonspawn (D)
  A giant orange brain (D)
  A shambling mangrove (D)
  3 wolf spiders (D)
  3 hornets (D)
  2 griffons (D)
  7 draconians (D)
  A sixfirhy (D)
  A moth of wrath (D)
  2 rust devils (D)
  An orange demon (D)
  An eye of devastation (D)
  2 rime drakes (D)
  3 hellwings (D)
  A large abomination (D)
  3 spiny frogs (D)
  A dryad (D)
  A demonic crawler (D)
  2 ice devils (D)
  4 merfolk (D)
  A wind drake (D)
  2 jumping spiders (D)
  A boulder beetle (D)
  2 snapping turtles (D)
  6 slime creatures (D)
  A redback (D)
  2 air elementals (D)
  6 tarantellas (D)
  A yak (D)
  A basilisk (shapeshifter) (D)
  A steam dragon (D)
  An insubstantial wisp (D)
  A naga (shapeshifter) (D)
  A naga (D)
  4 water moccasins (D)
  A hell hound (D)
  A giant eyeball (D)
  A swamp drake (D)
  A black bear (D)
  A wasp (D)
  4 wolves (D)
  2 giant frogs (D)
  3 scorpions (D)
  3 jellies (D)
  3 iron imps (D)
  An iguana (D)
  4 adders (D)
  An ufetubus (D)
  An ooze (D)
  2 adder skeletons (D)
  2 bat skeletons (D)
146 creatures vanquished.

Vanquished Creatures (collateral kills)
  A shambling mangrove (D)
  2 draconians (D)
  A spiny frog (D)
  A komodo dragon (D)
  A spriggan (D)
  A basilisk (D)
  A wasp (D)
  A crimson imp (D)
  2 adders (D)
11 creatures vanquished.

Vanquished Creatures (others)
  2 spatial maelstroms (D)
  A draconian (D)
  A redback (D)
  A steam dragon (D)
5 creatures vanquished.

Grand Total: 162 creatures vanquished

Notes
Turn   | Place    | Note
--------------------------------------------------------------
     0 | D        | Groucho the Naga Fighter began the quest for the Orb.
     0 | D        | Reached XP level 1. HP: 21/21 MP: 1/1
    10 | D        | Banished a spatial maelstrom
    17 | D        | Found a shimmering altar of Xom.
    18 | D        | Found a burning altar of Makhleb.
    18 | D        | Found an iron altar of Okawaru.
    18 | D        | Found a deep blue altar of Sif Muna.
    18 | D        | Found a radiant altar of Vehumet.
    18 | D        | Found a bloodstained altar of Trog.
    19 | D        | Found a sparkling altar of Nemelex Xobeh.
    20 | D        | Found a viscous altar of Jiyva.
    20 | D        | Found a blossoming altar of Fedhas.
    20 | D        | Found a roughly hewn altar of Beogh.
    20 | D        | Found a snail-covered altar of Cheibriados.
    20 | D        | Found a corrupted altar of Lugonu.
    20 | D        | Found a white marble altar of Elyvilon.
    21 | D        | Banished a spatial maelstrom
    70 | D        | Became a worshipper of Cheibriados the Contemplative
    82 | D        | Entered arena 1.
    82 | D        | Noticed a naga
    82 | D        | Noticed a basilisk
    85 | D        | Killed a basilisk
    85 | D        | Reached skill level 6 in Armour
    85 | D        | Reached XP level 2. HP: 28/28 MP: 2/2
    85 | D        | Reached XP level 3. HP: 34/34 MP: 3/3
    85 | D        | Reached XP level 4. HP: 42/42 MP: 4/4
    85 | D        | Reached XP level 5. HP: 49/49 MP: 5/5
    88 | D        | Killed a naga
    88 | D        | Reached * piety under Cheibriados
    88 | D        | Reached skill level 7 in Armour
    88 | D        | Reached XP level 6. HP: 53/56 MP: 6/6
   198 | D        | Entered arena 2.
   198 | D        | Noticed a water moccasin
   201 | D        | Killed a water moccasin
   201 | D        | Reached ** piety under Cheibriados
   201 | D        | Reached skill level 8 in Armour
   208 | D        | Got the amulet "Genumabo" {Gourm rF+ Str+2}
   218 | D        | Entered arena 3.
   218 | D        | Noticed a steam dragon
   218 | D        | Noticed a steam dragon
   218 | D        | Noticed a rime drake
   218 | D        | Noticed a swamp drake
   222 | D        | Killed a steam dragon
   222 | D        | Reached skill level 5 in Invocations
   222 | D        | Reached XP level 7. HP: 62/62 MP: 6/11
   224 | D        | Killed a steam dragon
   225 | D        | Reached *** piety under Cheibriados
   225 | D        | Killed a rime drake
   225 | D        | Reached XP level 8. HP: 63/69 MP: 6/16
   379 | D        | Entered arena 4.
   383 | D        | Reached **** piety under Cheibriados
   400 | D        | Entered arena 5.
   400 | D        | Noticed a draconian
   400 | D        | Noticed a draconian
   400 | D        | Noticed a draconian
   400 | D        | Noticed a draconian
   400 | D        | Noticed a draconian
   403 | D        | Killed a draconian
   403 | D        | Reached skill level 9 in Armour
   404 | D        | Killed a draconian
   404 | D        | Reached skill level 10 in Armour
   404 | D        | Reached skill level 10 in Shields
   404 | D        | Reached XP level 9. HP: 75/75 MP: 6/17
   406 | D        | Killed a draconian
   407 | D        | Killed a draconian
   407 | D        | Reached ***** piety under Cheibriados
   407 | D        | Reached skill level 11 in Armour
   408 | D        | Killed a draconian
   560 | D        | Entered arena 6.
   560 | D        | Noticed a spriggan rider
   563 | D        | Noticed a smoke demon
   564 | D        | Reached ****** piety under Cheibriados
   565 | D        | Reached skill level 12 in Armour
   565 | D        | Reached XP level 10. HP: 53/84 MP: 18/18
   682 | D        | Entered arena 7.
   700 | D        | Entered arena 8.
   989 | D        | Entered arena 9.
   989 | D        | Noticed a draconian
   989 | D        | Noticed a draconian
   989 | D        | Noticed a draconian
   989 | D        | Noticed a red draconian
   989 | D        | Noticed a mottled draconian
   989 | D        | Noticed a draconian
   989 | D        | Noticed a draconian
   989 | D        | Noticed a green draconian
   992 | D        | Killed a draconian
   993 | D        | Killed a draconian
   993 | D        | Reached skill level 13 in Armour
   993 | D        | Killed a draconian
   993 | D        | Killed a draconian
   993 | D        | Killed a draconian
   995 | D        | Killed a green draconian
   995 | D        | Reached skill level 14 in Armour
   995 | D        | Reached XP level 11. HP: 71/90 MP: 3/19
   995 | D        | Killed a red draconian
   996 | D        | Killed a mottled draconian
  1167 | D        | Entered arena 10.
  1167 | D        | Noticed a wolf spider
  1167 | D        | Noticed a wolf spider
  1169 | D        | Killed a wolf spider
  1169 | D        | Reached skill level 15 in Armour
  1169 | D        | Reached skill level 15 in Shields
  1170 | D        | Killed a wolf spider
  1178 | D        | Entered arena 11.
  1178 | D        | Noticed a death ooze
  1178 | D        | Noticed a great orb of eyes
  1178 | D        | Noticed a great orb of eyes
  1178 | D        | Noticed a death ooze
  1179 | D        | Noticed a great orb of eyes
  1179 | D        | Noticed a giant orange brain
  1182 | D        | Killed a death ooze
  1182 | D        | Reached skill level 5 in Axes
  1182 | D        | Noticed a soul eater
  1183 | D        | Killed a death ooze
  1184 | D        | Paralysed by a giant eyeball for 4 turns
  1190 | D        | Killed a great orb of eyes
  1191 | D        | Killed a great orb of eyes
  1191 | D        | Reached skill level 10 in Axes
  1191 | D        | Reached XP level 12. HP: 54/94 MP: 20/20
  1195 | D        | Killed a great orb of eyes
  1515 | D        | Entered arena 12.
  1515 | D        | Noticed a spriggan air mage
  1515 | D        | Noticed a storm dragon
  1515 | D        | Noticed a spriggan air mage
  1515 | D        | Noticed a spriggan air mage
  1515 | D        | Noticed a storm dragon
  1515 | D        | Noticed a storm dragon
  1517 | D        | Noticed a spriggan air mage
  1519 | D        | Killed a spriggan air mage
  1519 | D        | Killed a spriggan air mage
  1520 | D        | Killed a spriggan air mage
  1520 | D        | Killed a spriggan air mage
  1520 | D        | Reached skill level 10 in Fighting
  1521 | D        | Killed a storm dragon
  1521 | D        | Killed a storm dragon
  1522 | D        | Killed a storm dragon
  1946 | D        | Entered arena 13.
  1955 | D        | Gained mutation: You can use your snake-like lower body to constrict enemies. [Naga growth]
  1955 | D        | Reached XP level 13. HP: 135/135 MP: 16/21
  2326 | D        | Entered arena 14.
  2327 | D        | Noticed a death ooze
  2328 | D        | Noticed a death ooze
  2328 | D        | Noticed a great orb of eyes
  2330 | D        | Killed a death ooze
  2333 | D        | Reached skill level 16 in Armour
  2333 | D        | Killed a death ooze
  2334 | D        | Killed a great orb of eyes
  2336 | D        | Reached skill level 17 in Armour
  2344 | D        | Got the ring of Bougel {rF- rN++ MP+9 Dex+3}
  2350 | D        | Got the ring "Lauh" {rC+ MR+ Str+4}
  2523 | D        | Entered arena 15.
  2524 | D        | Noticed a spriggan defender
  2524 | D        | Noticed a thorn hunter
  2524 | D        | Noticed a spriggan defender
  2525 | D        | Noticed a dire elephant
  2525 | D        | Killed a spriggan defender
  2525 | D        | Reached skill level 18 in Armour
  2526 | D        | Killed a spriggan defender
  2526 | D        | Reached skill level 19 in Armour
  2527 | D        | Killed a thorn hunter
  2531 | D        | Killed a dire elephant
  2553 | D        | Got the ring "Zumpel" {rF+ Int+4 Dex+3}
  2580 | D        | Entered arena 16.
  2584 | D        | Noticed a merfolk javelineer
  2584 | D        | Noticed a merfolk impaler
  2584 | D        | Noticed a merfolk impaler
  2584 | D        | Noticed a merfolk javelineer
  2584 | D        | Noticed a merfolk impaler
  2584 | D        | Noticed a merfolk javelineer
  2586 | D        | Reached XP level 14. HP: 113/144 MP: 12/22
  2586 | D        | Reached skill level 20 in Armour
  2587 | D        | Reached skill level 21 in Armour
  3095 | D        | Entered arena 17.
  3099 | D        | Reached skill level 1 in Spellcasting
  3099 | D        | Reached skill level 5 in Spellcasting
  3100 | D        | Noticed an emperor scorpion
  3114 | D        | Killed an emperor scorpion
  3114 | D        | Reached skill level 10 in Spellcasting
  3127 | D        | Got the ring of Gaekhl Beippu {rPois MP+9 Str-2 Dex+4}
  3335 | D        | Entered arena 18.
  3338 | D        | Noticed Coyzeodd the pandemonium lord
  3338 | D        | Noticed Japh the pandemonium lord
  3338 | D        | Noticed Juwag the pandemonium lord
  3339 | D        | Noticed Ajaura Julan the pandemonium lord
  3339 | D        | Noticed Ahiynose the pandemonium lord
  3339 | D        | Noticed Todinuefi the pandemonium lord
  3339 | D        | Noticed Zofekis the pandemonium lord
  3341 | D        | Noticed Deuxec the pandemonium lord
  3343 | D        | Killed Juwag the pandemonium lord
  3343 | D        | Reached XP level 15. HP: 69/151 MP: 29/29
  3344 | D        | HP: 3/151 [Ahiynose the pandemonium lord (16)]
  3347 | D        | Noticed a Hell Sentinel
  3347 | D        | Noticed a Brimstone Fiend
  3347 | D        | Noticed a Hell Sentinel
  3350 | D        | Mangled by Zofekis the pandemonium lord

Vault maps used:
D:        sprint_v

Skill      XL: |  1  2  3  4  5  6  7  8  9 10 11 12 13 14 |
---------------+-------------------------------------------+-----
Armour         | 6 7 8 10 12 14 15 19 21 | 21.3
Shields        | 6 7 8 10 12 14 15 | 15.6
Invocations    | 5 11 | 11.3
Axes           | 10 12 16 | 16.6
Fighting       | 14 | 14.1
Spellcasting   | 10 | 10.7

Action                   |  1- 3 |  4- 6 |  7- 9 | 10-12 | 13-15 || total
-------------------------+-------+-------+-------+-------+-------++-------
Melee: Broad axe         |     2 |     9 |    18 |    34 |    26 ||    89
       Constrict         |       |       |       |       |     3 ||     3
Invok: Slouch            |       |       |     2 |     8 |    18 ||    28
       Temporal Distorti |       |       |       |     1 |     5 ||     6
 Abil: Evoke Flight      |       |       |       |       |     1 ||     1
  Use: Potion            |       |       |       |     1 |     7 ||     8
 Stab: Distracted        |       |       |       |     2 |       ||     2
  Eat: Fruit             |       |       |       |     7 |       ||     7
Armor: Plate armour      |       |     2 |    33 |    71 |    22 ||   128
       Gold dragon armou |       |       |       |       |    27 ||    27
Dodge: Dodged            |       |       |     1 |     4 |     5 ||    10
Block: Shield            |       |    17 |    57 |   107 |   103 ||   284
